 Dungeon Crawl Stone Soup version 0.21.1-1-g345015f (webtiles) character file.

104 vatarom the Caller (level 4, -4/24 HPs)
             Began as a Deep Elf Summoner on May 12, 2018.
             Killed by nerve-wracking pain
             ... invoked by Grinder
              (11 damage)
             ... on level 3 of the Dungeon.
             The game lasted 00:10:35 (2399 turns).

vatarom the Caller (Deep Elf Summoner)              Turns: 2399, Time: 00:10:36

Health: -4/24      AC:  3    Str:  5    XL:     4   Next: 52%
Magic:  3/12       EV: 15    Int: 21    God:
Gold:   165        SH:  0    Dex: 15    Spells: 2/11 levels left

rFire    . . .     SeeInvis .   n - +0 dagger
rCold    . . .     Gourm    .   (no shield)
rNeg     . . .     Faith    .   a - +0 robe
rPois    +         Spirit   .   (no helmet)
rElec    .         Reflect  .   (no cloak)
rCorr    .         Harm     .   (no gloves)
MR       .....                  j - +0 pair of boots
Stlth    ++........             (no amulet)
HPRegen  0.08/turn              e - ring of poison resistance
MPRegen  0.13/turn              f - +2 ring of evasion

@: no status effects
A: no striking features
a: no special abilities


You were on level 3 of the Dungeon.
You were hungry.

You visited 1 branch of the dungeon, and saw 3 of its levels.

You collected 165 gold pieces.

Inventory:

Hand Weapons
 n - a +0 dagger (weapon)
Armour
 a - a +0 robe (worn)
 j - a +0 pair of boots (worn)
Jewellery
 d - an uncursed ring of protection from cold
 e - a ring of poison resistance (left hand)
 f - a +2 ring of evasion (right hand)
Scrolls
 g - 6 scrolls of teleportation
 i - a scroll of fear {unknown}
 l - a scroll of identify {unknown}
 p - a scroll of remove curse
 q - a scroll of noise {unknown}
Potions
 h - 2 potions of curing
 k - a potion of flight {unknown}
 m - a potion of mutation {unknown}
 r - a potion of magic {unknown}
Books
 b - a book of Callings

   Spells                             Type                      Level
   a - Summon Small Mammal            Summoning                    1
   b - Call Imp                       Summoning                    2
   c - Call Canine Familiar           Summoning                    3
   d - Summon Guardian Golem          Hexes/Summoning              3
   e - Summon Lightning Spire         Summoning/Air                4
   f - Summon Ice Beast               Ice/Summoning                4
Comestibles
 c - 3 rations
 o - 2 chunks of flesh


   Skills:
 - Level 2.4 Dodging
 - Level 2.4 Stealth
 + Level 4.3 Spellcasting
 * Level 6.0 Summonings


You had 2 spell levels left.
You knew the following spells:

 Your Spells              Type           Power        Failure   Level  Hunger
a - Summon Small Mammal   Summ           ####         1%          1    None
b - Call Imp              Summ           ####....     1%          2    #......
c - Call Canine Familiar  Summ           ####....     3%          3    ##.....
d - Summon Guardian Gole  Hex/Summ       ###.....     10%         3    ##.....


Dungeon Overview and Level Annotations

Branches:
Dungeon (3/15)

Altars:
Hepliaklqana
Makhleb
Zin

Annotations:
D:3 Grinder


Message History

Your hound resists with significant effort.
Your crimson imp blinks!
Your hound barely misses Grinder.
You swap places.
Your hound disappears in a puff of smoke!
Grinder hits your iron imp!
Your iron imp hits Grinder but does no damage.
The hobgoblin barely misses your iron imp.
Grinder hits your iron imp.
Your iron imp barely misses Grinder.
Unknown command.
Casting: Call Imp
Confirm with . or Enter, or press ? or * to list all spells.
The hobgoblin closely misses your iron imp.
Grinder blinks!
You hit Grinder but do no damage.
Grinder is severely wounded.
Your white imp is no longer paralysed.
Grinder gestures at you. Pain shoots through your body!
You die...

#.# #.# #>. #.#
###.#†#
#.#)#######.#
#............
#.#..5#####.
...#.....h# # ###
#...##5# .#
##.###@##.####.
###.##.###5.†......
#......5.5g...####.
#.#.######.#### #.#
#.# #.# ..# .?.


You could see Grinder, a hobgoblin, a friendly hound, a friendly iron imp and a
friendly white imp.

Vanquished Creatures
  An adder (D:3)
  An orc (D:3)
  A giant cockroach (D:1)
  A goblin (D:1)
  A bat (D:1)
  A kobold (D:2)
  A rat (D:1)
7 creatures vanquished.

Vanquished Creatures (collateral kills)
  A crimson imp (D:2)
  3 adders
  2 oozes
  A worm (D:2)
  4 dart slugs
  2 leopard geckos
  2 orcs (D:3)
  5 bats
  3 giant cockroaches
  10 goblins
  5 hobgoblins
  3 jackals (D:3)
  3 quokkas
  4 ball pythons
  6 frilled lizards
  13 kobolds
  6 rats
73 creatures vanquished.

Grand Total: 80 creatures vanquished

Notes
Turn   | Place    | Note
-------+----------+-------------------------------------------
     0 | D:1      | vatarom the Deep Elf Summoner began the quest for the Orb.
     0 | D:1      | Reached XP level 1. HP: 10/10 MP: 6/6
   173 | D:1      | Reached XP level 2. HP: 13/15 MP: 8/8
   242 | D:1      | Learned a level 2 spell: Call Imp
   434 | D:1      | Reached skill level 5 in Summonings
   745 | D:2      | Reached XP level 3. HP: 8/19 MP: 2/10
   964 | D:1      | Learned a level 3 spell: Call Canine Familiar
  1416 | D:2      | Learned a level 3 spell: Summon Guardian Golem
  1480 | D:2      | Found a burning altar of Makhleb.
  1507 | D:2      | Noticed a green death
  1509 | D:2      | Found a glowing silver altar of Zin.
  1509 | D:2      | Noticed an angel
  1642 | D:2      | Reached XP level 4. HP: 9/24 MP: 2/12
  1993 | D:2      | Found a hazy altar of Hepliaklqana.
  2316 | D:3      | Reached skill level 6 in Summonings
  2352 | D:3      | Noticed Grinder
  2371 | D:3      | Paralysed by Grinder for 2 turns
  2399 | D:3      | Killed from afar by Grinder

Skill      XL: |  1  2  3  4 |
---------------+-------------+-----
Summonings     | 5 6 |  6.0
Spellcasting   | 4 |  4.3
Dodging        | |  2.4
Stealth        | |  2.4

Action                   |  1- 3 |  4- 6 || total
-------------------------+-------+-------++-------
Melee: Unarmed           |    66 |     3 ||    69
       Dagger            |       |    32 ||    32
 Cast: Summon Small Mamm |    17 |       ||    17
       Call Imp          |    27 |     7 ||    34
       Call Canine Famil |     7 |     8 ||    15
       Summon Guardian G |     1 |     1 ||     2
  Use: Potion            |     1 |       ||     1
       Scroll            |     1 |     2 ||     3
 Stab: Distracted        |     2 |     1 ||     3
  Eat: Chunk             |     3 |     3 ||     6
Armor: Robe              |    16 |     8 ||    24
Dodge: Dodged            |   103 |    34 ||   137
